[Event "German Team Cup Finals 2022"]
[Site "Baden -Baden"]
[Date "2022.07.16"]
[Round "1.2"]
[White "Moussard, Jules"]
[Black "Shirov, Alexei"]
[Result "1/2-1/2"]
[ECO "C50"]
[WhiteElo "2672"]
[BlackElo "2704"]
[Annotator "ChessBase"]
[PlyCount "89"]
[EventDate "2022.07.16"]
[EventType "team-tourn"]
[EventCountry "GER"]
[SourceTitle "playchess.com"]
[Source "ChessBase"]
[SourceQuality "1"]
[TimeControl "5400+30"]

1. e4 e5 2. Nf3 Nc6 3. Bc4 Bc5 4. O-O Nf6 5. d3 O-O 6. h3 h6 7. Re1 Re8 8. c3 d5 9. exd5 Nxd5 10. d4 Nb6 11. Bb5 exd4 12. Rxe8+ Qxe8 13. cxd4 Bd6 14. Nc3 Bd7 15. Be3 Nb4 16. Bxd7 Qxd7 17. a3 N4d5 18. Qb3 Re8 19. Nxd5 Nxd5 20. Bd2 c6 21. a4 Bf4 22. Qd3 Bxd2 23. Qxd2 Qf5 24. Re1 Re4 25. Qa5 Kh7 26. b3 a6 27. Qd2 Nf4 28. Rxe4 Qxe4 29. Qe3 Ne2+ 30. Kh2 f5 31. g4 Qxe3 32. fxe3 f4 33. exf4 Nxf4 34. Kg3 g5 35. h4 Kg6 36. hxg5 hxg5 37. Ne5+ Kf6 38. Kf3 Ke6 39. Ke4 Nd5 40. Nf3 Nf6+ 41. Kd3 Kd5 42. Nxg5 a5 43. Nh3 Nxg4 44. Nf4+ Kd6 45. Ke4 1/2-1/2

[Event "German Team Cup Finals 2022"]
[Site "Baden -Baden"]
[Date "2022.07.16"]
[Round "1.4"]
[White "Meier, Georg"]
[Black "Graf, Alexander"]
[Result "1-0"]
[ECO "D02"]
[WhiteElo "2613"]
[BlackElo "2562"]
[Annotator "ChessBase"]
[PlyCount "101"]
[EventDate "2022.07.16"]
[EventType "team-tourn"]
[EventCountry "GER"]
[SourceTitle "playchess.com"]
[Source "ChessBase"]
[SourceQuality "1"]
[TimeControl "5400+30"]

1. Nf3 d5 2. g3 Nd7 3. d4 Nb6 4. a4 a5 5. b3 Nf6 6. Ba3 g6 7. Bg2 Bg7 8. Nbd2 O-O 9. e3 Bf5 10. c4 c6 11. Rc1 Re8 12. O-O Ne4 13. cxd5 Nxd5 14. Nxe4 Bxe4 15. Bh3 e6 16. Ne5 Qg5 17. Nc4 Qh6 18. Bg2 Bxg2 19. Kxg2 Red8 20. Qe1 b6 21. e4 Nb4 22. Bxb4 axb4 23. Nxb6 Ra6 24. Rxc6 Bxd4 25. Qxb4 Qh5 26. Qe7 Rb8 27. Qd6 Qe5 28. Rc8+ Rxc8 29. Qxe5 Bxe5 30. Nxc8 Kf8 31. f4 Bd4 32. Rd1 e5 33. fxe5 Bxe5 34. Rd5 f6 35. Rc5 Ke8 36. a5 Bd4 37. Rd5 Be5 38. Nb6 Bc7 39. Nc4 Ke7 40. g4 Ra8 41. b4 Bd8 42. Rc5 Ra7 43. Kf3 Rd7 44. a6 Ra7 45. b5 Ra8 46. Rc6 Ra7 47. Nb6 Kf7 48. Nc8 Ra8 49. a7 Ke8 50. b6 Bxb6 51. Rxb6 1-0

[Event "German Team Cup Finals 2022"]
[Site "Baden -Baden"]
[Date "2022.07.16"]
[Round "1.5"]
[White "Kryvoruchko, Yuriy"]
[Black "Ivic, Velimir"]
[Result "1/2-1/2"]
[ECO "B30"]
[WhiteElo "2672"]
[BlackElo "2581"]
[Annotator "ChessBase"]
[PlyCount "53"]
[EventDate "2022.07.16"]
[EventType "team-tourn"]
[EventCountry "GER"]
[SourceTitle "playchess.com"]
[Source "ChessBase"]
[SourceQuality "1"]
[TimeControl "5400+30"]

1. e4 c5 2. Nf3 Nc6 3. Bb5 e6 4. O-O Nd4 5. Nxd4 cxd4 6. c3 a6 7. Be2 Bc5 8. d3 Ne7 9. Nd2 Nc6 10. Nb3 Ba7 11. cxd4 Nxd4 12. Be3 Nxb3 13. Qxb3 Bxe3 14. fxe3 O-O 15. a4 b6 16. d4 Bb7 17. Bf3 b5 18. axb5 Qb6 19. Qb4 axb5 20. Rxa8 Bxa8 21. e5 Bxf3 22. Rxf3 Qc6 23. h3 Qc4 24. Qxc4 bxc4 25. Rf2 Rb8 26. Rc2 Kf8 27. Rxc4 1/2-1/2

[Event "German Team Cup Finals 2022"]
[Site "Baden -Baden"]
[Date "2022.07.16"]
[Round "1.6"]
[White "Brkic, Ante"]
[Black "Fedorchuk, Sergey A."]
[Result "1-0"]
[ECO "B46"]
[WhiteElo "2611"]
[BlackElo "2612"]
[Annotator "ChessBase"]
[PlyCount "93"]
[EventDate "2022.07.16"]
[EventType "team-tourn"]
[EventCountry "GER"]
[SourceTitle "playchess.com"]
[Source "ChessBase"]
[SourceQuality "1"]
[TimeControl "5400+30"]

1. e4 c5 2. Nf3 e6 3. d4 cxd4 4. Nxd4 Nc6 5. Nc3 a6 6. Bf4 d6 7. Nxc6 bxc6 8. Qd2 e5 9. Bg3 Nf6 10. O-O-O Be7 11. Bc4 O-O 12. Bh4 Be6 13. Bb3 a5 14. Bxf6 gxf6 15. f4 Rb8 16. Rhf1 Kh8 17. Qe2 Rg8 18. Rd3 Rg7 19. f5 Bxb3 20. cxb3 Rb4 21. Rfd1 Qb6 22. Kb1 Qb7 23. Qd2 Qb8 24. Qc2 Rg8 25. Qe2 Qb7 26. Na4 Qb5 27. Qc2 Qb7 28. a3 Rb5 29. Rc3 Rb8 30. Rdd3 Rc8 31. Rg3 Bf8 32. Qd1 c5 33. Qg4 Bh6 34. Ka2 Rb8 35. Qe2 Bf4 36. Qg4 Bh6 37. Qe2 Bf4 38. Rgd3 Qc6 39. Rd5 R5b7 40. Qd1 Kg7 41. Rxd6 Qxe4 42. Qg4+ Kf8 43. Nxc5 Rxb3 44. Rxb3 Qc4 45. Nd7+ Ke7 46. Nxb8 Kxd6 47. Qd1+ 1-0

[Event "German Team Cup Finals 2022"]
[Site "Baden -Baden"]
[Date "2022.07.16"]
[Round "1.7"]
[White "Jovanovic, Zoran"]
[Black "Wagner, Dennis"]
[Result "1/2-1/2"]
[ECO "C77"]
[WhiteElo "2521"]
[BlackElo "2569"]
[Annotator "ChessBase"]
[PlyCount "38"]
[EventDate "2022.07.16"]
[EventType "team-tourn"]
[EventCountry "GER"]
[SourceTitle "playchess.com"]
[Source "ChessBase"]
[SourceQuality "1"]
[TimeControl "5400+30"]

1. e4 e5 2. Nf3 Nc6 3. Bb5 a6 4. Ba4 Nf6 5. Nc3 Bc5 6. Bxc6 dxc6 7. d3 Qe7 8. Be3 Bg4 9. h3 Bh5 10. Bxc5 Qxc5 11. Qe2 O-O-O 12. Qe3 Qxe3+ 13. fxe3 Bxf3 14. gxf3 Nh5 15. Rg1 Rd6 16. Ne2 Rh6 17. Kf2 c5 18. Rg4 Re8 19. Ng3 Nxg3 1/2-1/2

[Event "German Team Cup Finals 2022"]
[Site "Baden -Baden"]
[Date "2022.07.16"]
[Round "1.8"]
[White "Zaragatski, Ilja"]
[Black "Stevic, Hrvoje"]
[Result "1/2-1/2"]
[ECO "D27"]
[WhiteElo "2512"]
[BlackElo "2563"]
[Annotator "ChessBase"]
[PlyCount "56"]
[EventDate "2022.07.16"]
[EventType "team-tourn"]
[EventCountry "GER"]
[SourceTitle "playchess.com"]
[Source "ChessBase"]
[SourceQuality "1"]
[TimeControl "5400+30"]

1. d4 d5 2. Nf3 Nf6 3. c4 dxc4 4. e3 e6 5. Bxc4 c5 6. O-O a6 7. dxc5 Bxc5 8. Qxd8+ Kxd8 9. Nc3 b5 10. Be2 Bb7 11. Nd2 Ke7 12. Nb3 Nbd7 13. Nxc5 Nxc5 14. b4 Nce4 15. Nxe4 Nxe4 16. Bb2 Rac8 17. Rfc1 Rhd8 18. Bd4 f6 19. f3 e5 20. Bb6 Rd6 21. Ba7 Ra8 22. Rc7+ Rd7 23. Rxd7+ Kxd7 24. Bb6 Nc3 25. Bd1 Nxd1 26. Rxd1+ Ke8 27. Rc1 Rc8 28. Rxc8+ Bxc8 1/2-1/2

[Event "German Team Cup Finals 2022"]
[Site "Baden -Baden"]
[Date "2022.07.17"]
[Round "2.1"]
[White "Ivic, Velimir"]
[Black "Shirov, Alexei"]
[Result "1/2-1/2"]
[ECO "C85"]
[WhiteElo "2581"]
[BlackElo "2704"]
[Annotator "ChessBase"]
[PlyCount "52"]
[EventDate "2022.07.16"]
[EventType "team-tourn"]
[EventCountry "GER"]
[SourceTitle "playchess.com"]
[Source "ChessBase"]
[SourceQuality "1"]
[TimeControl "5400+30"]

1. e4 e5 2. Nf3 Nc6 3. Bb5 a6 4. Ba4 Nf6 5. O-O Be7 6. Bxc6 dxc6 7. d3 Nd7 8. Nc3 O-O 9. Be3 Re8 10. a4 a5 11. Ne2 Bf6 12. Ng3 Nf8 13. h3 b6 14. Nh5 c5 15. b3 Ne6 16. Qd2 g6 17. Nxf6+ Qxf6 18. Rae1 Bd7 19. Nh2 Nf4 20. Kh1 g5 21. Qd1 Qg7 22. f3 h5 23. Rf2 Rad8 24. Rd2 Be6 25. Rf1 Rd6 26. Qe1 h4 1/2-1/2

[Event "German Team Cup Finals 2022"]
[Site "Baden -Baden"]
[Date "2022.07.17"]
[Round "2.2"]
[White "Adams, Michael"]
[Black "Brkic, Ante"]
[Result "1/2-1/2"]
[ECO "B90"]
[WhiteElo "2696"]
[BlackElo "2611"]
[Annotator "ChessBase"]
[PlyCount "84"]
[EventDate "2022.07.16"]
[EventType "team-tourn"]
[EventCountry "GER"]
[SourceTitle "playchess.com"]
[Source "ChessBase"]
[SourceQuality "1"]
[TimeControl "5400+30"]

1. e4 c5 2. Nf3 d6 3. d4 cxd4 4. Nxd4 Nf6 5. Nc3 a6 6. Bd3 e5 7. Nde2 Be7 8. O-O Be6 9. f4 exf4 10. Nxf4 Nc6 11. Nxe6 fxe6 12. Bc4 Qd7 13. a4 Rc8 14. Ba2 O-O 15. Bf4 Kh8 16. Qe2 Bd8 17. Rad1 Bb6+ 18. Kh1 Bd4 19. h3 Qe7 20. Bb3 Be5 21. Qe3 Nd4 22. Bg5 h6 23. Bh4 Nxb3 24. cxb3 Qc7 25. Bg3 d5 26. Bxe5 Qxe5 27. Rfe1 Nxe4 28. Nxe4 dxe4 29. Rd2 Rf4 30. Rd4 Rcf8 31. Kg1 Rf2 32. Rxe4 Qxb2 33. Rg4 R8f6 34. Rd1 Qc2 35. Rd8+ Kh7 36. Rd7 Rf7 37. Rxf7 Rxf7 38. Qxe6 Qc1+ 39. Kh2 Qc7+ 40. Kg1 Qc1+ 41. Kh2 Qc7+ 42. Kg1 Qc1+ 1/2-1/2

[Event "German Team Cup Finals 2022"]
[Site "Baden -Baden"]
[Date "2022.07.17"]
[Round "2.3"]
[White "Movsesian, Sergei"]
[Black "Jovanovic, Zoran"]
[Result "1-0"]
[ECO "B00"]
[WhiteElo "2618"]
[BlackElo "2521"]
[Annotator "ChessBase"]
[PlyCount "87"]
[EventDate "2022.07.16"]
[EventType "team-tourn"]
[EventCountry "GER"]
[SourceTitle "playchess.com"]
[Source "ChessBase"]
[SourceQuality "1"]
[TimeControl "5400+30"]

1. e4 Nc6 2. Nf3 d6 3. d4 Nf6 4. Nc3 g6 5. h3 Bg7 6. Bg5 h6 7. Be3 a6 8. Qd2 b5 9. Bd3 e5 10. dxe5 dxe5 11. Rd1 Be6 12. O-O g5 13. Nxb5 axb5 14. Bxb5 Qxd2 15. Rxd2 Bd7 16. Rxd7 Nxd7 17. Bxc6 Ra6 18. Bb5 Rg6 19. a4 c6 20. Bc4 Ke7 21. b4 Ra8 22. a5 Bf6 23. Nh2 Rgg8 24. Ra1 h5 25. Be2 g4 26. hxg4 Bg5 27. Bxg5+ Rxg5 28. gxh5 Nf6 29. Nf1 Nxe4 30. Bf3 Nc3 31. Ng3 Kd7 32. Ra3 Nb5 33. Rd3+ Kc7 34. Ne4 Rgg8 35. Nf6 Rgd8 36. Rxd8 Rxd8 37. h6 Rh8 38. h7 Nc3 39. g4 Na2 40. b5 cxb5 41. Bd5 Nb4 42. Bxf7 Kd6 43. g5 Ke7 44. Bg8 1-0

[Event "German Team Cup Finals 2022"]
[Site "Baden -Baden"]
[Date "2022.07.17"]
[Round "2.4"]
[White "Stevic, Hrvoje"]
[Black "Meier, Georg"]
[Result "1/2-1/2"]
[ECO "C10"]
[WhiteElo "2563"]
[BlackElo "2613"]
[Annotator "ChessBase"]
[PlyCount "37"]
[EventDate "2022.07.16"]
[EventType "team-tourn"]
[EventCountry "GER"]
[SourceTitle "playchess.com"]
[Source "ChessBase"]
[SourceQuality "1"]
[TimeControl "5400+30"]

1. e4 e6 2. d4 d5 3. Nd2 dxe4 4. Nxe4 Nd7 5. Nf3 Ngf6 6. Nxf6+ Nxf6 7. c3 Be7 8. Bf4 O-O 9. Bd3 b6 10. Qe2 Bb7 11. O-O-O Qc8 12. h4 c5 13. Be5 Rd8 14. Kb1 Bd5 15. Ba6 Qc6 16. Bb5 Qb7 17. Ba6 Qc6 18. Bb5 Qb7 19. Ba6 1/2-1/2

[Event "German Team Cup Finals 2022"]
[Site "Baden -Baden"]
[Date "2022.07.17"]
[Round "2.5"]
[White "Zaragatski, Ilja"]
[Black "Zilka, Stepan"]
[Result "0-1"]
[ECO "A61"]
[WhiteElo "2512"]
[BlackElo "2593"]
[Annotator "ChessBase"]
[PlyCount "88"]
[EventDate "2022.07.16"]
[EventType "team-tourn"]
[EventCountry "GER"]
[SourceTitle "playchess.com"]
[Source "ChessBase"]
[SourceQuality "1"]
[TimeControl "5400+30"]

1. d4 Nf6 2. Nf3 e6 3. c4 c5 4. d5 exd5 5. cxd5 d6 6. Nc3 g6 7. e3 Bg7 8. Be2 O-O 9. O-O a6 10. a4 Bg4 11. h3 Bxf3 12. Bxf3 Nbd7 13. Bd2 Re8 14. Qc2 c4 15. Be2 Rc8 16. a5 Rc5 17. Na4 Rc7 18. Bxc4 Ne5 19. b3 Nxd5 20. Rac1 Nf6 21. Qb1 d5 22. Be2 Ne4 23. Be1 Rxc1 24. Qxc1 d4 25. exd4 Qxd4 26. Qe3 Qxe3 27. fxe3 Bh6 28. Nc3 Bxe3+ 29. Kh1 Nd2 30. Nd5 Nd7 31. Bxd2 Bxd2 32. Bc4 Kg7 33. b4 Ne5 34. Ba2 Nc6 35. Rb1 Re1+ 36. Rxe1 Bxe1 37. b5 axb5 38. Nc7 b4 39. a6 Bg3 40. Ne8+ Kf8 41. Bd5 b3 42. Bxb3 Kxe8 43. Ba4 Bb8 44. axb7 Kd7 0-1

[Event "German Team Cup Finals 2022"]
[Site "Baden -Baden"]
[Date "2022.07.17"]
[Round "2.6"]
[White "Moussard, Jules"]
[Black "Kryvoruchko, Yuriy"]
[Result "1/2-1/2"]
[ECO "C54"]
[WhiteElo "2672"]
[BlackElo "2672"]
[Annotator "ChessBase"]
[PlyCount "102"]
[EventDate "2022.07.16"]
[EventType "team-tourn"]
[EventCountry "GER"]
[SourceTitle "playchess.com"]
[Source "ChessBase"]
[SourceQuality "1"]
[TimeControl "5400+30"]

1. e4 e5 2. Nf3 Nc6 3. Bc4 Bc5 4. O-O Nf6 5. d3 O-O 6. h3 h6 7. Re1 d6 8. c3 a6 9. a4 Ba7 10. Nbd2 Re8 11. b4 Be6 12. Bxe6 Rxe6 13. Qc2 Qd7 14. Rb1 b5 15. Ra1 Ree8 16. Nf1 Rad8 17. Bd2 d5 18. Ng3 Bb6 19. a5 Ba7 20. Rac1 Re6 21. c4 bxc4 22. exd5 Qxd5 23. dxc4 Qd3 24. b5 e4 25. Bf4 Qxc2 26. Rxc2 axb5 27. cxb5 Nxa5 28. Bxc7 Rc8 29. b6 Bxb6 30. Bxb6 Rxc2 31. Nd4 Rxb6 32. Nxc2 Re6 33. Nd4 Re8 34. Ndf5 Re6 35. Nd4 Re8 36. Ndf5 Nc4 37. Rc1 Nb6 38. Nd6 Re6 39. Rc6 Nbd7 40. Ngf5 Ne5 41. Rc8+ Kh7 42. Rc7 h5 43. Kf1 g5 44. Re7 Rxe7 45. Nxe7 h4 46. Nef5 Kg6 47. Ne7+ Kg7 48. Nef5+ Kg6 49. Ne7+ Kh5 50. Ke2 Ng6 51. Nxg6 Kxg6 1/2-1/2

[Event "German Team Cup Finals 2022"]
[Site "Baden -Baden"]
[Date "2022.07.17"]
[Round "2.7"]
[White "Graf, Alexander"]
[Black "Fedorchuk, Sergey A."]
[Result "1/2-1/2"]
[ECO "A13"]
[WhiteElo "2562"]
[BlackElo "2612"]
[Annotator "ChessBase"]
[PlyCount "82"]
[EventDate "2022.07.16"]
[EventType "team-tourn"]
[EventCountry "GER"]
[SourceTitle "playchess.com"]
[Source "ChessBase"]
[SourceQuality "1"]
[TimeControl "5400+30"]

1. Nf3 Nf6 2. g3 b5 3. Bg2 Bb7 4. O-O e6 5. b3 c5 6. c4 a6 7. Nc3 Qb6 8. e3 Be7 9. Qe2 Ne4 10. Nxe4 Bxe4 11. Bb2 O-O 12. Rac1 d6 13. d3 Bb7 14. Rfd1 Nd7 15. d4 bxc4 16. dxc5 Nxc5 17. Qxc4 Rfc8 18. Qg4 Bf8 19. Bd4 h6 20. Ne1 Bxg2 21. Nxg2 Qa5 22. Nf4 e5 23. Bxc5 Rxc5 24. Rxc5 Qxc5 25. Nd5 Qc2 26. Kf1 a5 27. Qe2 Rc8 28. e4 f5 29. exf5 Qxf5 30. Ne3 Qe4 31. Kg1 Rc5 32. Qd3 Qxd3 33. Rxd3 Kf7 34. f4 exf4 35. gxf4 Ke6 36. Kg2 d5 37. a3 Be7 38. b4 axb4 39. axb4 Rb5 40. Nc2 Bf6 41. Nd4+ Bxd4 1/2-1/2

[Event "German Team Cup Finals 2022"]
[Site "Baden -Baden"]
[Date "2022.07.17"]
[Round "2.8"]
[White "Wagner, Dennis"]
[Black "Dautov, Rustem"]
[Result "1/2-1/2"]
[ECO "B12"]
[WhiteElo "2569"]
[BlackElo "2591"]
[Annotator "ChessBase"]
[PlyCount "74"]
[EventDate "2022.07.16"]
[EventType "team-tourn"]
[EventCountry "GER"]
[SourceTitle "playchess.com"]
[Source "ChessBase"]
[SourceQuality "1"]
[TimeControl "5400+30"]

1. e4 c6 2. d4 d5 3. e5 Bf5 4. Nf3 e6 5. Be2 c5 6. Be3 cxd4 7. Nxd4 Ne7 8. O-O Nbc6 9. Bb5 a6 10. Bxc6+ bxc6 11. b4 a5 12. b5 c5 13. Nxf5 Nxf5 14. c4 Be7 15. Qd3 O-O 16. Nd2 a4 17. Rfd1 Nxe3 18. Qxe3 Qb6 19. Rab1 Rfd8 20. Qe2 Ra7 21. Nf3 a3 22. Qc2 h6 23. h4 Qa5 24. cxd5 Rxd5 25. Rxd5 exd5 26. Qf5 Qb6 27. Qc8+ Bf8 28. h5 c4 29. Nd4 Qxd4 30. b6 Re7 31. b7 Rxb7 32. Qxb7 Qxe5 33. Qc8 Qxh5 34. Rb8 Qd1+ 35. Kh2 Qh5+ 36. Kg1 Qd1+ 37. Kh2 Qh5+ 1/2-1/2